 Dungeon Crawl Stone Soup version 0.19.5 (webtiles) character file.

1847 Jerry the Magician (level 8, -1/52 HPs)
             Began as a Mummy Wizard on Feb 23, 2017.
             Was an Initiate of Gozag.
             Slain by a phantom (8 damage)
             ... on level 6 of the Dungeon on Mar 5, 2017.
             The game lasted 01:05:10 (10508 turns).

Jerry the Magician (Mummy Wizard)                  Turns: 10508, Time: 01:05:11

Health: -1/52      AC:  6    Str: 10    XL:     8   Next: 88%
Magic:  22/27      EV: 12    Int: 20    God:    Gozag
Gold:   824        SH:  0    Dex: 10    Spells: 3 memorised, 16 levels left

rFire  x . .     SeeInvis .     s - +2 falchion (elec)
rCold  + + .     Gourm    .     e - +2 robe {rC+}
rNeg   + + +     Faith    .     (no shield)
rPois  ∞         Spirit   .     r - +0 helmet
rElec  .         Reflect  .     q - +0 cloak
rCorr  .         Harm     .     (no gloves)
MR     +....                    (no boots)
Stlth  ++........               (no amulet)
                                d - ring of magical power
                                h - ring of wizardry

@: no status effects
A: no food or potions, fire vulnerability, cold resistance 1, negative energy
resistance 3, torment resistance, unbreathing
a: Potion Petition, Call Merchant, Bribe Branch, Renounce Religion


You were on level 6 of the Dungeon.
You worshipped Gozag.
Gozag was pleased with you.
You were not hungry.

You visited 2 branches of the dungeon, and saw 8 of its levels.

You collected 875 gold pieces.
You paid 51 gold pieces to Gozag.

Inventory:

Hand Weapons
 n - a +0 hunting sling
 s - a +2 falchion of electrocution (weapon)
Missiles
 a - 83 arrows
 o - 31 sling bullets
Armour
 e - a +2 robe of cold resistance (worn)
 q - a +0 cloak (worn)
 r - a +0 helmet (worn)
 v - a +1 leather armour of positive energy
Jewellery
 d - a ring of magical power (right hand)
 h - a ring of wizardry (left hand)
Wands
 u - a wand of acid (4/15)
Scrolls
 b - 2 scrolls of enchant weapon {unknown}
 f - 2 scrolls of remove curse
 g - 4 scrolls of teleportation {unknown}
 i - a scroll of fear {unknown}
 j - a scroll of recharging {unknown}
 k - a scroll of blinking {unknown}
 m - 3 scrolls of enchant armour {unknown}
 p - 6 scrolls of identify
 t - a scroll of magic mapping {unknown}
Books
 c - a book of Minor Magic

   Spells                             Type                      Level
   a - Magic Dart                     Conjuration                  1
   b - Blink                          Translocation                2
   c - Call Imp                       Summoning                    2
   d - Repel Missiles                 Charms/Air                   2
   e - Slow                           Hexes                        2
   f - Conjure Flame                  Conjuration/Fire             3
   g - Mephitic Cloud                 Conjuration/Poison/Air       3


   Skills:
 - Level 1.5 Dodging
 - Level 1.5 Stealth
 + Level 7.2 Spellcasting
 - Level 2.3 Conjurations
 + Level 7.2 Summonings
   Level 0.7 Translocations


You had 16 spell levels left.
You knew the following spells:

 Your Spells              Type           Power        Failure   Level  Hunger
a - Magic Dart            Conj           ###.         1%          1    N/A
b - Call Imp              Summ           #####...     1%          2    N/A
c - Repel Missiles        Chrm/Air       #.....       7%          2    N/A

Dungeon Overview and Level Annotations

Branches:
Dungeon (7/15)             Temple (1/1) D:4

Altars:
Ashenzari
Cheibriados
Dithmenos
Elyvilon
Fedhas
Gozag
Hepliaklqana
Kikubaaqudgha
Makhleb
Okawaru
Qazlal
Ru
Sif Muna
Trog
Uskayaw
Vehumet
Xom
Yredelemnul
Zin
The Shining One


Innate Abilities, Weirdness & Mutations

You do not eat or drink.
Your flesh is vulnerable to fire.
You are immune to poison.
Your flesh is cold resistant. (rC+)
You are immune to negative energy. (rN+++)
You are immune to unholy pain and torment.
You can survive without breathing.


Message History

The arrow closely misses your crimson imp.
The arrow hits you!
Your white imp gestures at the phantom.
The puff of frost misses the phantom.
Your crimson imp blinks!
The phantom closely misses your white imp.
The centaur shoots an arrow.
The arrow misses you.
Your crimson imp blinks!
You see here 2 arrows.
Your white imp hits the phantom.
Your white imp freezes the phantom.
The phantom resists.
The centaur shoots an arrow.
The arrow misses your crimson imp. The arrow hits you.
The phantom closely misses your white imp.
You see here an arrow.
You swap places.
The phantom hits you!
* * * LOW HITPOINT WARNING * * *
The centaur shoots an arrow.
The arrow hits your crimson imp! The phantom hits you!
You die...
Your body crumbles into a pile of gold.

#.#.###.# #.# #.#
#.......# #.# #.#
###.##### ##.## #.# #.#
##...## #.# #.# #.....#
#W# #.# ##...## #.#
#.##########.## ########.#
#........###.####........#
#######....@W.....########
###### ##.###5######
####.♣≈≈♣# ### #5#
....≈.♣≈≈# #(# .###♣P♣≈.#
###(###### .# ###..#
#........# .# #####.###
#.#(####.########## .#
#....)..# #.#c#
#.##..zoz5.. .#
#.###.#.####.#.##
#z##(#######


You could see a phantom, a centaur, a friendly crimson imp and a friendly white
imp.

Vanquished Creatures
  The ghost of BugsBunnySan the Carver, a novice HuFi of Uskayaw (D:6)
  A phantom (D:5)
  2 centaurs (D:6)
  A bullfrog (D:6)
  A wyvern zombie (D:6)
  3 wights
  A howler monkey (D:5)
  3 worker ants
  A hound skeleton (D:4)
  2 adders
  2 shadow imps (D:6)
  An adder skeleton (D:6)
  2 worms
  A dart slug (D:1)
  A leopard gecko (D:3)
  4 orcs
  5 giant cockroaches
  13 goblins
  3 hobgoblins
  4 jackals (D:3)
  5 bats
  4 frilled lizards
  7 kobolds
  6 rats
74 creatures vanquished.

Vanquished Creatures (collateral kills)
  The ghost of Enroth the Slasher, a novice VSFi of Okawaru (D:5)
  Grinder (D:6)
  Eustachio (D:6)
  Menkaure (D:6)
  2 phantoms (D:5)
  An ogre (D:3)
  A bullfrog (D:7)
  A wight (D:6)
  A howler monkey (D:7)
  4 crimson imps
  5 orc wizards
  An orc priest (D:6)
  Jessica (D:3)
  2 worker ants
  A hound zombie (D:5)
  A hound skeleton (D:4)
  2 worker ant zombies
  3 adders
  An ooze (D:6)
  2 adder zombies (D:5)
  An adder skeleton (D:5)
  A worm (D:4)
  2 dart slugs
  2 leopard geckos
  18 orcs
  2 giant cockroaches
  A hobgoblin (D:3)
  5 jackals
  2 kobolds
  5 quokkas
  4 frilled lizards
  A goblin (D:3)
  A quokka zombie (D:5)
  3 rats (D:3)
81 creatures vanquished.

Vanquished Creatures (others)
  A goblin (D:3)
1 creature vanquished.

Grand Total: 156 creatures vanquished

Notes
Turn   | Place    | Note
-------+----------+-------------------------------------------
     0 | D:1      | Jerry the Mummy Wizard began the quest for the Orb.
     0 | D:1      | Reached XP level 1. HP: 13/13 MP: 4/4
    34 | D:1      | Reached skill level 1 in Conjurations
   304 | D:1      | Reached XP level 2. HP: 12/19 MP: 0/6
   654 | D:1      | Learned a level 2 spell: Call Imp
  1448 | D:2      | Reached skill level 1 in Summonings
  1705 | D:2      | Found a bloodstained altar of Trog.
  1733 | D:2      | Reached XP level 3. HP: 24/24 MP: 0/8
  2070 | D:3      | Noticed Jessica
  2080 | D:3      | Killed Jessica
  2500 | D:3      | Reached XP level 4. HP: 30/30 MP: 3/9
  2615 | D:3      | Noticed an ogre
  2633 | D:3      | Killed an ogre
  2633 | D:3      | Reached XP level 5. HP: 29/35 MP: 6/11
  3335 | D:4      | Found a staircase to the Ecumenical Temple.
  3344 | Temple   | Entered the Ecumenical Temple
  3561 | Temple   | Became a worshipper of Gozag Ym Sagoz the Greedy
  4191 | D:5      | Entered Level 5 of the Dungeon
  4435 | D:5      | Found a shattered altar of Ashenzari.
  4843 | D:5      | Noticed Enroth's ghost (novice VSFi)
  4854 | D:5      | Upgraded the game from 0.19.4-10-g532645f to 0.19.5
  5076 | D:4      | Reached XP level 6. HP: 22/41 MP: 9/12
  5222 | D:4      | Learned a level 2 spell: Repel Missiles
  5260 | D:5      | Found a shimmering altar of Xom.
  6051 | D:5      | Killed Enroth's ghost
  6404 | D:5      | Reached skill level 5 in Summonings
  6404 | D:5      | Reached XP level 7. HP: 26/46 MP: 12/13
  6572 | D:5      | Found a deep blue altar of Sif Muna.
  6685 | D:6      | HP: 2/46 [centaur/arrow (9)]
  7818 | D:6      | Reached skill level 5 in Spellcasting
  8706 | D:6      | Noticed BugsBunnySan's ghost (novice HuFi)
  8975 | D:7      | Reached XP level 8. HP: 51/52 MP: 16/16
  9012 | D:6      | Noticed Eustachio
  9034 | D:6      | Killed Eustachio
  9044 | D:6      | Noticed Grinder
  9054 | D:6      | Killed Grinder
  9196 | D:6      | Noticed Menkaure
  9206 | D:6      | Killed Menkaure
 10419 | D:6      | Killed BugsBunnySan's ghost
 10508 | D:6      | Slain by a phantom

Skill      XL: |  1  2  3  4  5  6  7  8 |
---------------+-------------------------+-----
Conjurations   | 1 2 |  2.3
Summonings     | 1 2 3 5 7 |  7.2
Spellcasting   | 4 5 7 |  7.2
Dodging        | |  1.5
Stealth        | |  1.5
Translocations | |  0.7

Action                   |  1- 3 |  4- 6 |  7- 9 || total
-------------------------+-------+-------+-------++-------
Melee: Unarmed           |    20 |       |       ||    20
       Whip              |    23 |       |       ||    23
       Mace              |     8 |   171 |    78 ||   257
       Falchion          |       |       |    36 ||    36
 Fire: Hunting sling     |       |     6 |     1 ||     7
 Cast: Magic Dart        |    70 |     2 |       ||    72
       Call Imp          |     8 |    80 |   136 ||   224
       Repel Missiles    |       |       |     2 ||     2
Evoke: Wand              |       |       |     2 ||     2
  Use: Scroll            |     1 |     1 |       ||     2
 Stab: Distracted        |     1 |     3 |     3 ||     7
       Sleeping          |     1 |       |       ||     1
Armor: Robe              |    11 |    67 |    40 ||   118
Dodge: Dodged            |    41 |   128 |   123 ||   292
       Deflected         |       |       |     6 ||     6
       Rpst.: Falchion   |       |       |    10 ||    10
